 Dungeon Crawl Stone Soup version 0.28.0-43-g3370ac3207 (webtiles) character file.

Game seed: 17829425185825102299

9827 xzight the Cleaver (level 11, -8/71 HPs)
             Began as a Gargoyle Fighter on Mar 25, 2022.
             Was an Elder of Okawaru.
             Killed by refrigeration
             ... invoked by Fannar
              (12 damage)
             ... on level 10 of the Dungeon.
             The game lasted 00:24:12 (13643 turns).

xzight the Cleaver (Gargoyle Fighter)              Turns: 13643, Time: 00:24:13

Health: -8/71      AC: 34    Str: 23    XL:     11   Next: 52%
Magic:  23/23      EV:  6    Int: 10    God:    Okawaru [****..]
Gold:   253        SH:  6    Dex: 13    Spells: 10/10 levels left

rFire   x . .      SeeInvis .   a - +0 war axe
rCold   + . .      Faith    .   C - +0 buckler
rNeg    + + +      Spirit   .   M - +0 plate armour
rPois   ∞          Reflect  .   (no helmet)
rElec   +          Harm     .   e - +2 cloak
rCorr   .          Rampage  .   i - +0 pair of gloves of the Weaver {MP+9 Dex+4}
Will    .....                   s - +2 pair of boots "Damnable Contraption" {rElec rN++}
Stlth   ..........              (no amulet)
HPRegen 0.21/turn               c - ring of ice
MPRegen 0.18/turn               T - +4 ring of protection

@: no status effects
A: sickness immunity, AC +8, negative energy resistance 1, electricity
resistance, torment resistance 1, petrification resistance
a: Renounce Religion, Heroism, Finesse


You were on level 10 of the Dungeon.
You worshipped Okawaru.
Okawaru was greatly pleased with you.
You visited 2 branches of the dungeon, and saw 11 of its levels.
You also visited: Sewer.

You collected 640 gold pieces.
You spent 387 gold pieces at shops.


Innate Abilities, Weirdness & Mutations

You are immune to sickness and miasma.
Your stone body is resilient. (AC +8)
You are immune to poison.
You resist negative energy. (rN+)
You are resistant to electric shocks. (rElec)
You are resistant to unholy torment.
You are immune to petrification.


   Skills:
 + Level 9.1 Fighting
 * Level 10.2 Axes
 + Level 9.1 Armour
 + Level 9.1 Shields
 + Level 4.8 Invocations


You had 10 spell levels left.
You didn't know any spells.
Your spell library contained the following spells:

 Spells                   Type           Power      Damage    Failure   Level
 Magic Dart               Conj           0%         1d3       99%         1
 Corpse Rot               Necr/Air       0%         N/A       100%        2
 Poisonous Vapours        Pois/Air       0%         N/A       100%        2
 Searing Ray              Conj           0%         2d4       100%        2
 Dazzling Flash           Conj/Hex       0%         N/A       100%        3
 Stone Arrow              Conj/Erth      0%         3d7       100%        3
 Fulminant Prism          Conj/Hex       0%         3d6       100%        4
 Iskenderun's Mystic Bla  Conj/Tloc      0%         2d3       100%        4
 Borgnjor's Vile Clutch   Necr/Erth      0%         N/A       100%        5
 Starburst                Conj/Fire      0%         6d3       100%        6
 Lehudib's Crystal Spear  Conj/Erth      0%         10d2      100%        8
 Summon Ice Beast         Ice/Summ       Unusable   N/A       N/A         4
 Summon Forest            Summ/Tloc      Unusable   N/A       N/A         5
 Summon Mana Viper        Hex/Summ       Unusable   N/A       N/A         5
 Summon Cactus Giant      Summ           Unusable   N/A       N/A         6

Inventory:

Hand Weapons
 a - a +0 war axe (weapon)
Missiles
 d - a throwing net {=f}
 o - 5 boomerangs (quivered)
Armour
 e - a +2 cloak (worn)
 i - the +0 pair of gloves of the Weaver (worn) {MP+9 Dex+4}
   (You acquired it on level 4 of the Dungeon)

   Dex:       It affects your dexterity (+4).
   MP:        It affects your magic capacity (+9).
 s - the +2 pair of boots "Damnable Contraption" (worn) {rElec rN++}
   (You acquired it on level 4 of the Dungeon)

   rElec:     It insulates you from electricity.
   rN:        It greatly protects you from negative energy.
 C - a +0 buckler (worn)
 M - a +0 plate armour (worn)
Jewellery
 c - a ring of ice (left hand)
 f - a ring of protection from fire
 k - an amulet of regeneration
 E - a +4 ring of evasion
 L - a ring of flight
 T - a +4 ring of protection (right hand)
Wands
 t - a wand of polymorph (10)
 w - a wand of acid (8)
 x - a wand of paralysis (10)
 K - a wand of mindburst (26)
 N - a wand of digging (1)
Scrolls
 b - 3 scrolls of immolation
 g - a scroll of enchant armour {unknown}
 l - a scroll of noise {unknown}
 p - a scroll of amnesia {unknown}
 q - a scroll of blinking
 r - a scroll of enchant weapon {unknown}
 y - a scroll of fear {unknown}
 z - a scroll of magic mapping {unknown}
 A - 2 scrolls of vulnerability
 B - 3 scrolls of teleportation {@r2}
 I - a scroll of brand weapon {unknown}
 O - a scroll of identify {@r1}
 P - a scroll of summoning {unknown}
Potions
 h - 5 potions of curing {@q1}
 j - 7 potions of lignification
 m - a potion of haste {@q3}
 n - 2 potions of flight {unknown}
 u - 2 potions of cancellation
 v - 2 potions of attraction
 D - 2 potions of mutation
 G - 5 potions of heal wounds {@q2}
 H - 2 potions of magic {unknown}
 J - a potion of brilliance {unknown}
 Q - 2 potions of resistance

Dungeon Overview and Level Annotations

Branches:
Dungeon (10/15)            Temple (1/1) D:7            Lair (0/6) D:8
  Sewer (visited)
    Orc: D:9-12

Altars:
Ashenzari
Cheibriados
Dithmenos
Elyvilon
Fedhas
Gozag
Hepliaklqana
Kikubaaqudgha
Makhleb
Nemelex Xobeh
Okawaru
Qazlal
Ru
Sif Muna
Trog
Uskayaw
Vehumet
Wu Jian
Xom
Yredelemnul
Zin
The Shining One

Shops:
D:8 *(!

Annotations:
D:10 Fannar

##########################
..........................
..........................
......e.Y.................
........Y@................
..........................
........................))
#######..................)
#...................
#########...................
............................
............................
.............###############


You could see Fannar and 2 ice beasts.


Message History

Fannar mumbles some strange words.
Fannar drains the heat from the surrounding environment!
You resist.
* * * LOW HITPOINT WARNING * * *
The ice beast hits you but does no damage.
The ice beast barely misses you.
You slash Fannar!
Fannar is heavily wounded.
You slash the ice beast! x2; Fannar hits you but does no damage.
The ice beast hits you but does no damage.
You block the ice beast's attack.
You slash Fannar!
Fannar is heavily wounded.
You slash the ice beast! You hit the ice beast but do no damage.
Fannar hits you but does no damage. The ice beast closely misses you.
You block the ice beast's attack.
Fannar mumbles some strange words.
Fannar drains the heat from the surrounding environment!
You resist.
* * * LOW HITPOINT WARNING * * *
The ice beast hits you but does no damage.
Fannar casts a spell.
Fannar drains the heat from the surrounding environment!
You resist.
* * * LOW HITPOINT WARNING * * *
The ice beast hits you but does no damage.
Fannar gestures wildly while chanting.
Fannar drains the heat from the surrounding environment!
You resist.
You die...

Skill      XL: |  1  2  3  4  5  6  7  8  9 10 11 |
---------------+----------------------------------+-----
Axes           | 2 3 4 5 6 8 9 10 | 10.2
Fighting       | 4 5 6 7 8 9 |  9.1
Armour         | 4 5 6 7 8 9 |  9.1
Shields        | 4 5 6 7 8 9 |  9.1
Invocations    | 3 4 |  4.8

Action                   |  1- 3 |  4- 6 |  7- 9 | 10-12 || total
-------------------------+-------+-------+-------+-------++-------
Melee: War axe           |    79 |   149 |   498 |   400 ||  1126
Throw: Boomerang         |       |       |     9 |       ||     9
Invok: Heroism           |       |       |       |     3 ||     3
Evoke: Wand              |       |       |     4 |     5 ||     9
  Use: Potion            |     1 |       |       |     7 ||     8
       Scroll            |       |     2 |    11 |     2 ||    15
 Stab: Paralysed         |       |       |     3 |       ||     3
Armor: Scale mail        |    54 |    83 |    21 |       ||   158
       Chain mail        |       |       |   346 |   137 ||   483
       Plate armour      |       |       |       |   169 ||   169
Dodge: Dodged            |    40 |    56 |   196 |   150 ||   442
Block: Buckler           |    22 |    18 |   139 |   120 ||   299

Levels and vault maps discovered:
D:1:      shiori_arrival_elements, layout_rooms,
          shapermc_ecumenical_altar_notcrosses
D:2:      layout_loops_ring, uniq_crazy_yiuf_cottage, uniq_sigmund, uniq_natasha
D:3:      layout_loops_ring, lemuel_doored_altar, due_unseen_surprise
D:4:      layout_cave_pools, grunt_temple_overflow_lords_of_destruction,
          cheibrodos_sewer_entry_drain, minivault_27, uniq_grinder, uniq_pikel
D:5:      minmay_opposing_rooms, layout_cave_pods,
          mainiacjoe_overflow_cross_hatched, chequers_big_river
D:6:      layout_loops_ring, lemuel_crystal_altar, kennysheep_generic_room_12
D:7:      layout_rooms, temple_pool_b
D:8:      layout_basic, lemuel_crystal_altar, david_lair_shrubbed, serial_shops,
          kennysheep_mini, nicolae_shop_window_shopping,
          nicolae_take_the_stairs, kennysheep_generic_room_13, uniq_harold,
          uniq_maurice
D:9:      layout_basic, chequers_temple_overflow_minitemple, uniq_erolcha
D:10:     layout_long_grid, lemuel_round_altar, uniq_fannar
Temple:   minmay_temple_curvy_loop

Notes
Turn   | Place    | Note
-------+----------+-------------------------------------------
     0 | D:1      | xzight the Gargoyle Fighter began the quest for the Orb.
     0 | D:1      | Reached XP level 1. HP: 14/14 MP: 1/1
    79 | D:1      | Reached skill level 2 in Axes
    79 | D:1      | Reached XP level 2. HP: 8/19 MP: 2/2
   355 | D:1      | Found a faded altar of an unknown god.
   369 | D:1      | Got the Almanac of the Hippo
   571 | D:1      | Reached XP level 3. HP: 21/23 MP: 3/3
   825 | D:2      | Noticed Sigmund
   847 | D:2      | Killed Sigmund
   848 | D:2      | Reached skill level 4 in Fighting
   848 | D:2      | Reached skill level 3 in Axes
   848 | D:2      | Reached skill level 4 in Armour
   848 | D:2      | Reached skill level 4 in Shields
   848 | D:2      | Reached XP level 4. HP: 9/29 MP: 4/4
   848 | D:2      | Reached XP level 5. HP: 10/33 MP: 5/5
  1388 | D:2      | Noticed Natasha
  1405 | D:2      | Killed Natasha
  1406 | D:2      | Reached XP level 6. HP: 18/39 MP: 6/6
  1759 | D:2      | Noticed Natasha
  1768 | D:2      | Killed Natasha
  1939 | D:2      | Found a runed translucent door.
  1940 | D:2      | Noticed Crazy Yiuf
  1948 | D:2      | Killed Crazy Yiuf
  2137 | D:2      | Noticed Natasha
  2143 | D:2      | Killed Natasha
  2144 | D:2      | Reached skill level 4 in Axes
  3152 | D:3      | Reached XP level 7. HP: 30/44 MP: 7/7
  3524 | D:3      | Found a hide-covered altar of Uskayaw.
  4006 | D:4      | Found a glowing drain.
  4013 | D:4      | Noticed Grinder
  4034 | Sewer    | Entered a sewer
  4404 | Sewer    | Reached skill level 5 in Fighting
  4516 | Sewer    | Reached skill level 5 in Armour
  4516 | Sewer    | Reached skill level 5 in Shields
  4862 | D:4      | Paralysed by Grinder for 7 turns
  4881 | D:4      | Killed Grinder
  4882 | D:4      | Reached skill level 5 in Axes
  4882 | D:4      | Reached XP level 8. HP: 35/50 MP: 8/8
  5000 | D:4      | Identified 2 scrolls of acquirement
  5001 | D:4      | Acquired the +2 pair of boots "Damnable Contraption" {rElec
                  | rN++}
  5014 | D:4      | Acquired the +0 pair of gloves of the Weaver {MP+9 Dex+4}
  5212 | D:4      | Noticed Pikel
  5246 | D:3      | Killed Pikel
  5247 | D:3      | Reached skill level 6 in Fighting
  5247 | D:3      | Reached skill level 6 in Axes
  5247 | D:3      | Reached skill level 6 in Armour
  5247 | D:3      | Reached skill level 6 in Shields
  5309 | D:4      | Found a burning altar of Makhleb.
  5310 | D:4      | Found a radiant altar of Vehumet.
  5615 | D:5      | Entered Level 5 of the Dungeon
  5797 | D:5      | Reached XP level 9. HP: 56/56 MP: 9/9
  5820 | D:5      | Identified the +11 dagger of Deogruho {protect, Dex+5}
  6017 | D:5      | Reached skill level 7 in Axes
  6793 | D:5      | Found a white marble altar of Elyvilon.
  7234 | D:6      | Reached skill level 7 in Fighting
  7234 | D:6      | Reached skill level 7 in Shields
  7254 | D:6      | Reached skill level 7 in Armour
  7398 | D:6      | Identified 2 potions of resistance
  7693 | D:6      | Found a blossoming altar of Fedhas.
  8130 | D:7      | Reached skill level 8 in Axes
  8367 | D:7      | Found a staircase to the Ecumenical Temple.
  8387 | Temple   | Entered the Ecumenical Temple
  8514 | Temple   | Became a worshipper of Warmaster Okawaru
  8830 | D:8      | Found Risyaruu's Antique Weapon Shoppe.
  8887 | D:8      | Found Fojis's General Store.
  8890 | D:8      | Bought 2 potions of haste for 280 gold pieces
  8890 | D:8      | Bought a scroll of teleportation for 42 gold pieces
  8905 | D:8      | Noticed Maurice
  8915 | D:8      | Reached XP level 10. HP: 39/63 MP: 10/10
  9395 | D:8      | Noticed Harold
  9449 | D:8      | Killed Harold
  9449 | D:8      | Reached * piety under Okawaru
  9450 | D:8      | Reached skill level 1 in Invocations
  9707 | D:7      | HP: 5/64 [something (4)]
  9714 | D:7      | Killed Maurice
  9715 | D:7      | Reached skill level 2 in Invocations
  9716 | D:7      | Reached skill level 8 in Fighting
  9716 | D:7      | Reached skill level 8 in Armour
  9716 | D:7      | Reached skill level 8 in Shields
  9997 | D:8      | Reached ** piety under Okawaru
 10413 | D:8      | Found Weiry's Distillery.
 10416 | D:8      | Bought a potion of heal wounds for 65 gold pieces
 10427 | D:8      | Found a staircase to the Lair.
 10471 | D:8      | Found a glowing golden altar of the Shining One.
 10558 | D:8      | Reached skill level 9 in Axes
 11104 | D:9      | Noticed a two-headed ogre
 11113 | D:9      | Killed a two-headed ogre
 11114 | D:9      | Reached skill level 3 in Invocations
 11135 | D:9      | Reached *** piety under Okawaru
 11319 | D:9      | You fall into a shaft and drop 1 floor!
 11319 | D:10     | Entered Level 10 of the Dungeon
 11336 | D:10     | Reached XP level 11. HP: 63/69 MP: 13/13
 11731 | D:9      | Reached skill level 4 in Invocations
 11731 | D:9      | Noticed a two-headed ogre
 12069 | D:9      | Killed a two-headed ogre
 12069 | D:9      | Reached **** piety under Okawaru
 12244 | D:9      | Noticed Erolcha
 12258 | D:9      | Killed Erolcha
 12259 | D:9      | Reached skill level 9 in Fighting
 12259 | D:9      | Reached skill level 10 in Axes
 12259 | D:9      | Reached skill level 9 in Armour
 12259 | D:9      | Reached skill level 9 in Shields
 12687 | D:9      | Found a bloodstained altar of Trog.
 12687 | D:9      | Found an ancient bone altar of Kikubaaqudgha.
 12694 | D:9      | Found a basalt altar of Yredelemnul.
 12696 | D:9      | Found a sacrificial altar of Ru.
 12698 | D:9      | Found a faded altar of an unknown god.
 13431 | D:10     | Found an opulent altar of Gozag.
 13612 | D:10     | Noticed Fannar
 13642 | D:10     | HP: 3/71 [Fannar/refrigeration (9)]
 13643 | D:10     | Killed from afar by Fannar

Vanquished Creatures
  Erolcha (D:9)
  Harold (D:8)
  2 two-headed ogres (D:9)
  Pikel (D:3)
  Maurice (D:7)
  A gargoyle (D:10)
  A komodo dragon (D:7)
  A hornet (D:10)
  Grinder (D:4)
  Sigmund (D:2)
  A wyvern (D:10)
  6 yaks (D:9)
  2 steam dragons
  2 water moccasins
  A black bear (D:5)
  An orc warrior (D:8)
  An ice beast (D:6)
  2 necrophages
  An ogre (D:6)
  A centaur (D:9)
  2 phantoms (D:5)
  A lemure (D:4)
  2 kobold brigands (D:9)
  5 bullfrogs
  A gnoll sergeant (D:5)
  A scorpion (D:6)
  3 water moccasin skeletons
  12 killer bees
  16 wights
  A jelly (D:8)
  A crimson imp (D:4)
  4 centaur zombies
  3 hounds
  3 orc priests
  2 centaur skeletons
  Crazy Yiuf (D:2)
  A gnoll shaman (D:10)
  7 iguanas
  3 orc wizards
  Natasha (thrice) (D:2)
  A killer bee zombie (D:5)
  3 gnolls (D:10)
  10 adders
  A shadow imp (D:6)
  3 white imps
  An adder zombie (D:5)
  2 worms (D:4)
  5 dart slugs
  17 orcs
  16 ball pythons
  8 bats
  4 endoplasms
  14 giant cockroaches
  7 hobgoblins
  11 kobolds
  9 quokkas
  10 frilled lizards
  11 goblins
  4 rats
238 creatures vanquished.

Vanquished Creatures (others)
  23 plants
23 creatures vanquished.

Grand Total: 261 creatures vanquished

Table legend: (Time is in decaauts)
 A = Elapsed time spent in this place.
 B = Non-inter-level travel time spent in this place.
 C = Inter-level travel time spent in this place.
 D = Time resting spent in this place.
 E = Time spent auto-exploring this place.
 F = Levels seen in this place.
 G = Mean time per level.
                   A        B        C        D        E       F      G
               +--------+--------+--------+--------+--------+-----+--------+
         Total |  13965 |  13442 |    523 |   3844 |   6656 |  12 | 1163.8 |
       Dungeon |  12892 |  12431 |    461 |   3673 |   6175 |  10 | 1289.2 |
        Temple |    189 |    127 |     62 |      0 |    114 |   1 |  189.0 |
         Sewer |    882 |    882 |      0 |    171 |    367 |   1 |  882.0 |
               +--------+--------+--------+--------+--------+-----+--------+

Top non-repeatable levels by time:
     D:2: 2139 daAuts
     D:7: 1717 daAuts
     D:8: 1628 daAuts
     D:9: 1513 daAuts
     D:5: 1492 daAuts
     D:3: 1180 daAuts
     D:4: 944 daAuts
   Sewer: 882 daAuts
     D:6: 812 daAuts
     D:1: 748 daAuts
    D:10: 714 daAuts
  Temple: 189 daAuts

Table legend:
 A = Non-vault XP
 B = Vault XP
 C = Vault XP percentage of total XP
 D = Non-vault monster count
 E = Vault monster count
 F = Vault count percentage of total count
                 A         B        C        D         E       F
            +---------+---------+-------+---------+---------+-------
      Total |    9259 |    4780 |  34.0 |     182 |      55 |  23.2
            +---------+---------+-------+---------+---------+-------
        D:1 |      42 |       0 |   0.0 |      23 |       0 |   0.0
        D:2 |     117 |     308 |  72.5 |      22 |       3 |  12.0
        D:3 |     233 |     697 |  74.9 |      27 |       1 |   3.6
        D:4 |     130 |     343 |  72.5 |       9 |       5 |  35.7
        D:5 |     453 |     607 |  57.3 |       9 |      10 |  52.6
        D:6 |     807 |      12 |   1.5 |      12 |       1 |   7.7
        D:7 |     669 |     807 |  54.7 |      17 |       2 |  10.5
        D:8 |    1197 |     863 |  41.9 |      22 |       1 |   4.3
        D:9 |    3905 |     888 |  18.5 |      28 |       1 |   3.4
       D:10 |    1706 |       0 |   0.0 |      13 |       0 |   0.0
      Sewer |       0 |     255 | 100.0 |       0 |      31 | 100.0
            +---------+---------+-------+---------+---------+-------
